 Dungeon Crawl Stone Soup version 0.20.1-1-g8b1a95d (webtiles) character file.

64194 dohliylev the Unseen (level 14, -16/98 HPs)
             Began as a Vampire Enchanter on Dec 19, 2017.
             Was an Elder of Makhleb.
             Killed from afar by Nikola (37 damage)
             ... with a chain lightning
             ... on level 2 of the Spider Nest.
             The game lasted 02:16:51 (26978 turns).

dohliylev the Unseen (Vampire Enchanter)           Turns: 26978, Time: 02:16:52

Health: -16/98     AC:  6    Str:  5    XL:     14   Next: 70%
Magic:  0/35       EV: 21    Int: 26    God:    Makhleb [****..]
Gold:   1013       SH:  5    Dex: 16    Spells: 4/29 levels left

rFire    . . .     SeeInvis +   a - +5 quick blade
rCold    . . .     Gourm    .   n - +0 buckler
rNeg     + . .     Faith    .   J - +0 troll leather armour
rPois    .         Spirit   +   M - +0 hat
rElec    .         Reflect  .   l - scarf {Spirit}
rCorr    .         Harm     .   f - +0 pair of gloves
MR       +....                  h - +0 pair of boots
Stlth    ++++++....             A - amulet of regeneration
Regen    1.1/turn               S - +5 ring of intelligence
MPRegen  0.3/turn               G - ring of magical power

@: lethally poisoned (-16 -> -17), about to teleport
A: fangs 3, see invisible, screaming 1, weak 1, unbreathing
a: Bat Form, Minor Destruction, Lesser Servant of Makhleb, Major Destruction,
Renounce Religion


You were on level 2 of the Spider Nest.
You worshipped Makhleb.
Makhleb was greatly pleased with you.
You were not thirsty.

You visited 3 branches of the dungeon, and saw 18 of its levels.
You also visited: Bailey and Ice Cave.

You collected 1013 gold pieces.

Inventory:

Hand Weapons
 a - a +5 quick blade (weapon)
Armour
 f - a +0 pair of gloves (worn)
 h - a +0 pair of boots (worn)
 l - a scarf of spirit shield (worn)
 n - a +0 buckler (worn)
 J - a +0 troll leather armour (worn)
 M - a +0 hat (worn)
Magical Staves
 x - an uncursed staff of conjuration
 Q - an uncursed staff of energy
Jewellery
 A - an amulet of regeneration (around neck)
 C - an uncursed ring of fire
 F - an uncursed ring of positive energy
 G - a ring of magical power (right hand)
 K - an uncursed ring of positive energy
 S - a +5 ring of intelligence (left hand)
 V - an uncursed ring of protection from fire
 X - a +3 ring of slaying
Wands
 k - a wand of digging (10/24)
 D - a wand of digging (8/24)
 E - a wand of digging (5/24)
 H - a wand of polymorph (11/24)
 L - a wand of enslavement (10/24)
 N - a wand of confusion (29/48)
 P - a wand of acid (11/15)
 U - a wand of acid (7/15)
Scrolls
 b - 3 scrolls of fear
 e - 6 scrolls of remove curse
 g - 5 scrolls of enchant armour
 i - 6 scrolls of teleportation
 j - a scroll of silence
 m - 3 scrolls of recharging
 p - 3 scrolls of fog
 t - a scroll of enchant weapon
 v - a scroll of summoning
 B - 4 scrolls of identify
Potions
 c - 2 potions of agility
 o - 2 potions of might
 q - 4 potions of ambrosia
 s - 8 potions of brilliance
 w - 13 potions of curing
 I - 2 potions of invisibility
 R - a potion of magic {unknown}
 T - a potion of flight
Books
 r - a Young Poisoner's Handbook

   Spells                             Type                      Level
   a - Sting                          Conjuration/Poison           1
   b - Poisonous Vapours              Poison/Air                   2
   c - Mephitic Cloud                 Conjuration/Poison/Air       3
   d - Olgreb's Toxic Radiance        Poison                       4
   e - Venom Bolt                     Conjuration/Poison           5
 Z - a book of Burglary

   Spells                             Type                      Level
   a - Swiftness                      Charms/Air                   2
   b - Passwall                       Transmutation/Earth          2
   c - Passage of Golubria            Translocation                4
   d - Lee's Rapid Deconstruction     Earth                        5
   e - Darkness                       Hexes                        6
   f - Invisibility                   Hexes                        6
Miscellaneous
 O - a lamp of fire


   Skills:
 - Level 5.1 Fighting
 - Level 9.0 Short Blades
 + Level 14.9 Dodging
 - Level 15.0 Stealth
 - Level 4.0 Shields
 - Level 8.0 Spellcasting
 - Level 13.1 Hexes
 - Level 1.1 Ice Magic
 - Level 11.0 Invocations


You had 4 spell levels left.
You knew the following spells:

 Your Spells              Type           Power        Failure   Level  Hunger
a - Corona                Hex            ######.      1%          1    None
b - Ensorcelled Hibernat  Hex/Ice        #####.       1%          2    None
c - Confuse               Hex            ######..     1%          3    None
d - Invisibility          Hex            ######..     6%          6    ######.
e - Swiftness             Chrm/Air       ##......     14%         2    None
f - Passwall              Tmut/Erth      ##........   14%         2    None
g - Darkness              Hex            ######....   6%          6    ######.
h - Mephitic Cloud        Conj/Pois/Air  ##......     28%         3    None


Dungeon Overview and Level Annotations

Branches:
Dungeon (10/15)            Temple (0/1) D:7            Lair (6/6) D:10
 Shoals (0/4) Lair:4       Spider (2/4) Lair:4        Slime (0/5) Lair:5
    Orc: D:9-12

Altars:
Ashenzari
Gozag
Makhleb
Ru
Sif Muna
Vehumet
Xom
Jiyva

Shops:
D:10 (

Annotations:
Spider:2 Nikola


Innate Abilities, Weirdness & Mutations

You have razor-sharp teeth.
You have supernaturally acute eyesight. (SInv)
You can survive without breathing.
You occasionally shout uncontrollably at your foes.
You are weak. (Str -2)


Message History

You feel strangely unstable.
You feel sick. The Executioner misses you.
The Executioner hits you but does no damage.
You block the Executioner's attack. The Executioner completely misses you.
The Executioner barely misses you. The Executioner closely misses you.
The Executioner hits you!!
* * * LOW HITPOINT WARNING * * *
The Executioner completely misses you. You block the Executioner's attack.
Your blizzard demon hits the Executioner but does no damage.
Your blizzard demon misses the Executioner.
The jumping spider leaps!
Nikola mumbles some strange words.
You hear a mighty clap of thunder!
The lightning arc hits the jumping spider.
The jumping spider dies!
The lightning arc hits the Executioner.
The Executioner resists.
The lightning arc hits your blizzard demon.
Your blizzard demon completely resists.
The lightning arc hits the Executioner.
The Executioner resists.
The lightning arc hits you!
You die...

............#........#.
#...............!......
.$.†....................
.......@................
.............†....[.....
....#........††$.......#
#.$..^..........§...s...
......#.§...............
..#..@1#.†............
........2.........#..#..
^.......................
.........>......^....#..
........#=..............
#.#.>............#......
# .....>...^#.......#...
#..........^.†....^....
≈..........#...<†.....


You could see Nikola, an Executioner and a friendly blizzard demon.

Vanquished Creatures
  3 entropy weavers (Lair:4)
  3 dire elephants (Lair:6)
  4 hydras
  An anaconda (Lair:6)
  Erica (D:8)
  A queen ant (Lair:4)
  A two-headed ogre (D:9)
  Urug (Lair:5)
  An unseen horror (D:9)
  Pikel (D:6)
  An orb spider (Spider:1)
  7 wolf spiders
  An oklob plant (D:10)
  24 elephants
  3 black mambas
  A gargoyle (D:10)
  11 spiny frogs
  2 rime drakes
  6 komodo dragons
  10 freezing wraiths (IceCv)
  5 demonic crawlers
  A queen bee (Lair:2)
  2 trolls
  10 jumping spiders
  9 blink frogs
  4 hornets
  12 hippogriffs
  Sigmund (D:5)
  8 tarantellas
  38 redbacks
  9 yaks
  A wraith (D:10)
  3 wyverns
  8 basilisks
  A hungry ghost (D:10)
  Edmund (D:5)
  2 steam dragons (Lair:2)
  A death yak simulacrum (IceCv)
  19 soldier ants
  10 water moccasins
  10 porcupines
  3 orc warriors
  6 ice beasts (IceCv)
  A black bear (D:10)
  4 sky beasts
  2 slaves (D:6)
  A necrophage (D:10)
  4 ogres
  2 phantoms
  2 wolves (Lair:2)
  4 centaurs
  13 crocodiles
  A big kobold (D:10)
  Blork the orc (D:5)
  16 bullfrogs
  4 scorpions
  3 howler monkeys (D:9)
  26 killer bees
  3 electric eels
  A centaur zombie (D:9)
  3 crimson imps
  A draconian simulacrum (IceCv)
  4 hounds
  A quasit (D:6)
  A bullfrog zombie (D:5)
  3 orc priests
  3 jellies
  7 orc wizards
  A bullfrog skeleton (D:9)
  Terence (D:3)
  An iguana (D:9)
  27 worker ants
  A polar bear simulacrum (IceCv)
  A wolf simulacrum (IceCv)
  3 hound skeletons
  4 gnolls (D:10)
  6 naga simulacra (IceCv)
  10 adders
  An ogre simulacrum (IceCv)
  2 shadow imps
  14 white imps
  3 oozes
  3 worms
  10 leopard geckos
  26 orcs
  9 bats
  7 giant cockroaches
  12 goblins
  17 hobgoblins
  A jackal (D:1)
  15 kobolds
  4 quokkas
  2 ball pythons (D:3)
  12 frilled lizards
  A giant cockroach zombie (D:6)
  2 jackal skeletons (D:4)
  A quokka skeleton (D:6)
  A quokka zombie (D:9)
  7 rats
  A fungus (Lair:3)
  4 plants
568 creatures vanquished.

Vanquished Creatures (collateral kills)
  A dire elephant (Lair:6)
  A spark wasp (Spider:1)
  4 elephants (Lair:6)
  A demonic crawler (Spider:1)
  A jumping spider (Spider:1)
  A wolf spider simulacrum (IceCv)
  A tarantella (Spider:1)
  3 redbacks (Spider:1)
  A troll simulacrum (IceCv)
  3 worker ants
  10 white imps
27 creatures vanquished.

Vanquished Creatures (others)
  A jumping spider (Spider:2)
  A slave (D:6)
  A bullfrog (D:6)
  A scorpion (D:5)
  A giant cockroach (D:5)
  A frilled lizard (D:5)
  8 fungi
  8 plants (Lair:6)
22 creatures vanquished.

Grand Total: 617 creatures vanquished

Notes
Turn   | Place    | Note
-------+----------+-------------------------------------------
     0 | D:1      | dohliylev the Vampire Enchanter began the quest for the Orb.
     0 | D:1      | Reached XP level 1. HP: 13/13 MP: 3/3
   124 | D:1      | Reached skill level 5 in Stealth
   195 | D:1      | Reached XP level 2. HP: 5/19 MP: 3/5
   221 | D:2      | Learned a level 2 spell: Ensorcelled Hibernation
   410 | D:2      | Reached skill level 6 in Stealth
   685 | D:2      | Reached XP level 3. HP: 24/24 MP: 6/6
  1005 | D:1      | Reached skill level 1 in Ice Magic
  1698 | D:2      | Found a shimmering altar of Xom.
  1728 | D:1      | Reached skill level 7 in Stealth
  1768 | D:2      | Found a deep blue altar of Sif Muna.
  1951 | D:2      | Reached XP level 4. HP: 30/30 MP: 7/7
  2084 | D:2      | Found a burning altar of Makhleb.
  2084 | D:2      | Noticed a cacodemon
  2087 | D:2      | Noticed a ynoxinul
  2087 | D:2      | Noticed an orange demon
  2089 | D:2      | Became a worshipper of Makhleb the Destroyer
  2118 | D:2      | Found a sacrificial altar of Ru.
  2431 | D:3      | Noticed Terence
  3099 | D:2      | Reached skill level 8 in Stealth
  3649 | D:2      | Reached XP level 5. HP: 35/35 MP: 4/8
  3712 | D:2      | Reached skill level 1 in Shields
  4179 | D:3      | Killed Terence
  4743 | D:3      | Reached * piety under Makhleb
  4911 | D:3      | Reached XP level 6. HP: 41/41 MP: 4/9
  5138 | D:3      | Learned a level 3 spell: Confuse
  6280 | D:5      | Entered Level 5 of the Dungeon
  6445 | D:5      | Reached XP level 7. HP: 46/46 MP: 10/10
  6675 | D:5      | Found a shimmering altar of Xom.
  6714 | D:5      | Found an opulent altar of Gozag.
  6844 | D:5      | Noticed Blork the orc
  6851 | D:5      | Killed Blork the orc
  6851 | D:5      | Reached skill level 5 in Dodging
  6855 | D:5      | Reached ** piety under Makhleb
  6924 | D:5      | Found a sacrificial altar of Ru.
  7006 | D:5      | Noticed Edmund
  7022 | D:5      | Killed Edmund
  7109 | D:5      | Reached XP level 8. HP: 52/52 MP: 2/11
  7346 | D:5      | Noticed Sigmund
  7354 | D:5      | Killed Sigmund
  7451 | D:6      | Noticed Pikel
  7464 | D:6      | Killed Pikel
  7464 | D:6      | Reached skill level 10 in Dodging
  7479 | D:6      | Found a shattered altar of Ashenzari.
  8326 | D:7      | Found a staircase to the Ecumenical Temple.
  8384 | D:7      | Reached skill level 5 in Hexes
  8473 | D:7      | Found a flagged portal.
  8477 | D:7      | Reached XP level 9. HP: 57/57 MP: 7/12
  8486 | Bailey   | Entered a bailey
  8550 | Bailey   | Noticed baljet's ghost (novice MfIE)
  8578 | Bailey   | Noticed letownia2's ghost (novice DDNe)
  8585 | Bailey   | Found a bloodstained altar of Trog.
  8586 | Bailey   | Noticed an orc knight
  8619 | Bailey   | HP: 1/57 [kobold/tomahawk of returning (4)]
  9769 | D:8      | Found a radiant altar of Vehumet.
  9815 | D:8      | Noticed Erica
 10554 | D:9      | Noticed a two-headed ogre
 10946 | D:9      | Noticed a troll
 10953 | D:9      | Killed a troll
 10953 | D:9      | Reached skill level 10 in Hexes
 11076 | D:9      | Reached *** piety under Makhleb
 11409 | D:9      | Killed a two-headed ogre
 11409 | D:9      | Reached skill level 5 in Spellcasting
 11630 | D:9      | Reached XP level 10. HP: 63/63 MP: 17/17
 11868 | D:9      | Noticed an unseen horror
 11900 | D:9      | Killed an unseen horror
 12316 | D:8      | Killed Erica
 12340 | D:10     | Entered Level 10 of the Dungeon
 12342 | D:10     | Found Dohonta's Antique Weapon Boutique.
 12684 | D:10     | Noticed an oklob plant
 12685 | D:10     | Found a staircase to the Lair.
 12705 | D:10     | Killed an oklob plant
 13118 | D:10     | Reached **** piety under Makhleb
 13203 | D:10     | Reached skill level 1 in Fighting
 13483 | D:10     | Noticed a gargoyle
 13487 | D:10     | Reached XP level 11. HP: 72/72 MP: 20/20
 13837 | D:10     | Paralysed by a hornet for 2 turns
 14110 | Lair:1   | Entered Level 1 of the Lair of Beasts
 14291 | Lair:1   | Reached skill level 5 in Fighting
 14311 | Lair:1   | Noticed a seven-headed hydra
 14335 | Lair:1   | Killed a seven-headed hydra
 14335 | Lair:1   | Reached skill level 9 in Stealth
 14380 | Lair:1   | Reached skill level 10 in Stealth
 14590 | Lair:1   | Noticed a four-headed hydra
 14727 | Lair:1   | Killed a four-headed hydra
 14727 | Lair:1   | Reached skill level 11 in Stealth
 15197 | Lair:2   | Reached skill level 12 in Stealth
 15238 | Lair:1   | Reached skill level 1 in Invocations
 15883 | Lair:2   | Reached skill level 5 in Invocations
 16027 | Lair:2   | Reached XP level 12. HP: 86/86 MP: 21/21
 16158 | Lair:2   | Reached ***** piety under Makhleb
 17165 | Lair:3   | Noticed a six-headed hydra
 17176 | Lair:3   | Killed a six-headed hydra
 17560 | Lair:3   | Noticed a four-headed hydra
 17760 | Lair:3   | Killed a four-headed hydra
 18082 | Lair:3   | Reached skill level 10 in Invocations
 18397 | Lair:4   | Noticed an entropy weaver
 18400 | Lair:4   | Noticed a queen ant
 18411 | Lair:4   | Noticed an entropy weaver
 18548 | Lair:4   | Killed an entropy weaver
 18583 | Lair:4   | Killed an entropy weaver
 18762 | Lair:4   | Killed a queen ant
 18775 | Lair:4   | Reached XP level 13. HP: 71/91 MP: 18/22
 19236 | Lair:4   | Found a hole to the Spider Nest.
 19495 | Lair:4   | Found a staircase to the Shoals.
 20147 | Lair:5   | Learned a level 6 spell: Invisibility
 20150 | Lair:5   | Learned a level 2 spell: Swiftness
 20153 | Lair:5   | Learned a level 2 spell: Passwall
 20160 | Lair:5   | Learned a level 6 spell: Darkness
 20397 | Lair:5   | Noticed Urug
 20431 | Lair:5   | Killed Urug
 20493 | Lair:5   | Learned a level 3 spell: Mephitic Cloud
 20578 | Lair:5   | Found a viscous altar of Jiyva.
 20581 | Lair:5   | Found a staircase to the Slime Pits.
 20842 | Lair:6   | Entered Level 6 of the Lair of Beasts
 20942 | Lair:6   | Found a frozen archway.
 21029 | IceCv    | Entered an ice cave
 21170 | IceCv    | Reached ****** piety under Makhleb
 21477 | IceCv    | Found an ancient bone altar of Kikubaaqudgha.
 22750 | Lair:6   | Reached skill level 13 in Stealth
 23471 | Lair:6   | Reached skill level 14 in Stealth
 23471 | Lair:6   | Reached XP level 14. HP: 89/98 MP: 9/26
 24193 | Lair:6   | Reached skill level 15 in Stealth
 24279 | Lair:6   | Noticed a cacodemon
 24286 | Lair:6   | Gained mutation: You are weak. (Str -2) [a cacodemon]
 24518 | Lair:6   | Gained mutation: You occasionally shout uncontrollably at your foes. [a cacodemon]
 24662 | Spider:1 | Entered Level 1 of the Spider Nest
 24674 | Spider:1 | Noticed an entropy weaver
 24920 | Lair:4   | Killed an entropy weaver
 25113 | Spider:1 | You fall through a shaft!
 26923 | Spider:2 | Noticed an emperor scorpion
 26972 | Spider:2 | Noticed Nikola
 26973 | Spider:2 | Noticed an Executioner
 26978 | Spider:2 | Killed from afar by Nikola

Skill      XL: |  1  2  3  4  5  6  7  8  9 10 11 12 13 14 |
---------------+-------------------------------------------+-----
Stealth        | 5 6 7 8 12 14 15 | 15.0
Ice Magic      | 1 |  1.1
Shields        | 3 4 |  4.0
Dodging        | 4 7 10 12 14 | 14.9
Hexes          | 5 10 13 | 13.1
Spellcasting   | 5 6 8 |  8.0
Short Blades   | 9 |  9.0
Fighting       | 2 5 |  5.1
Invocations    | 5 11 | 11.0

Action                   |  1- 3 |  4- 6 |  7- 9 | 10-12 | 13-15 || total
-------------------------+-------+-------+-------+-------+-------++-------
Melee: Dagger            |   101 |   187 |   218 |    22 |       ||   528
       Bite              |     4 |    14 |    13 |    49 |    89 ||   169
       Unarmed           |       |       |     1 |       |       ||     1
       Quick blade       |       |       |       |   469 |   741 ||  1210
 Cast: Corona            |    11 |    11 |     2 |     2 |     4 ||    30
       Ensorcelled Hiber |    31 |    66 |    94 |   250 |   184 ||   625
       Confuse           |       |     2 |    28 |    69 |   131 ||   230
       Swiftness         |       |       |       |       |     1 ||     1
Invok: Minor Destruction |       |       |     9 |   115 |   106 ||   230
       Lesser Servant of |       |       |       |     2 |    18 ||    20
       Greater Servant o |       |       |       |       |     8 ||     8
 Abil: End Transformatio |     3 |     2 |     5 |     3 |     8 ||    21
       Bat Form          |     3 |     2 |     5 |     3 |     8 ||    21
  Use: Potion            |       |    14 |     3 |       |     7 ||    24
       Scroll            |       |       |    10 |    13 |    11 ||    34
 Stab: Sleeping          |    30 |    45 |    60 |   127 |   123 ||   385
       Confused          |       |       |     7 |    43 |    91 ||   141
       Distracted        |       |       |       |     1 |     4 ||     5
  Eat: Corpse            |     7 |     8 |    13 |    17 |     9 ||    54
Armor: Robe              |    27 |    45 |    17 |       |       ||    89
       Skin              |       |     9 |       |       |       ||     9
       Troll leather arm |       |       |     7 |    28 |    55 ||    90
Dodge: Dodged            |    72 |    94 |   174 |   193 |   312 ||   845
Block: Buckler           |     7 |    49 |    48 |    66 |    90 ||   260
